 Dungeon Crawl Stone Soup version 0.29-a0-653-gd47aff6735 (webtiles) character file.

Game seed: 17342380056192512894

7476 testman the Fighter (level 11, 0/93 HPs)
             Began as a Formicid Hunter on June 21, 2022.
             Was a High Priest of Okawaru.
             Slain by a gnoll sergeant
             ... wielding a +0 spear
              (8 damage)
             ... on level 9 of the Dungeon.
             The game lasted 00:28:33 (9096 turns).

testman the Fighter (Formicid Hunter)               Turns: 9096, Time: 00:28:34

Health: 0/93       AC: 22    Str: 29    XL:     11   Next: 37%
Magic:  11/17      EV: 15    Int:  8    God:    Okawaru [*****.]
Gold:   441        SH: 12    Dex: 33    Spells: 10/10 levels left

rFire   . . .      SeeInvis +   a - +1 hand crossbow
rCold   . . .      Faith    +   D - +1 buckler of the Cuttlefish {Rampage}
rNeg    . . .      Spirit   .   q - +7 chain mail "Qogametu" {+Inv Str+4}
rPois   .          Reflect  .   (helmet unavailable)
rElec   .          Harm     .   (no cloak)
rCorr   .          Rampage  +   H - +0 pair of gloves
Will    .....                   E - +2 pair of boots {Stlth+}
Stlth   ++........              v - amulet of faith
HPRegen 0.25/turn               h - +6 ring of dexterity
MPRegen 0.15/turn               x - ring of Tashrel {Will- Str+6 Dex+8}

@: heroic, finesse-ful, studying Fighting
A: permanent stasis, dig shafts and tunnels, antennae 3, four strong arms
a: Dig, Shaft Self, Renounce Religion, Evoke Invisibility, Heroism, Finesse,
Duel


You were on level 9 of the Dungeon.
You worshipped Okawaru.
Okawaru was extremely pleased with you.
You visited 1 branch of the dungeon, and saw 9 of its levels.

You collected 441 gold pieces.

Inventory:

Hand Weapons
 a - a +1 hand crossbow (weapon)
Missiles
 j - 2 throwing nets
Armour
 b - a +0 leather armour
 e - a +0 kite shield
 n - the +0 plate armour of Green Curiosity {-Tele Drain rC+++ Will+++}
   (You found it on level 2 of the Dungeon)

   rC:        It renders you almost immune to cold.
   -Tele:     It prevents most forms of teleportation.
   Drain:     It drains your maximum health when unequipped.
   Will:      It greatly increases your willpower.
 q - the +7 chain mail "Qogametu" (worn) {+Inv Str+4}
   (You found it on level 2 of the Dungeon)

   Str:       It affects your strength (+4).
   +Inv:      It lets you turn invisible.
 D - the +1 buckler of the Cuttlefish (worn) {Rampage}
   (You took it off a gnoll sergeant on level 5 of the Dungeon)

   Rampage:   It bestows one free step when moving towards enemies.
 E - a +2 pair of boots of stealth (worn)
 H - a +0 pair of gloves (worn)
Jewellery
 f - a ring of flight
 h - a +6 ring of dexterity (left hand)
 i - an amulet of guardian spirit
 m - an amulet of magic regeneration
 v - an amulet of faith (around neck)
 x - the ring of Tashrel (right hand) {Will- Str+6 Dex+8}
   (You found it on level 3 of the Dungeon)

   [ring of strength]

   Str:       It affects your strength (+6).
   Dex:       It affects your dexterity (+8).
   Will:      It decreases your willpower.
Wands
 l - a wand of flame (41)
 u - a wand of acid (1)
 B - a wand of mindburst (38)
 G - a wand of iceblast (12)
Scrolls
 c - 3 scrolls of immolation
 d - 2 scrolls of amnesia
 k - 10 scrolls of teleportation
 o - a scroll of enchant weapon {unknown}
 s - a scroll of magic mapping {unknown}
 w - a scroll of fog {unknown}
 y - a scroll of blinking {unknown}
 z - 2 scrolls of brand weapon {unknown}
 C - a scroll of silence {unknown}
 F - a scroll of acquirement {unknown}
 I - a scroll of noise {unknown}
 J - a scroll of fear {unknown}
 L - 2 scrolls of torment {unknown}
Potions
 g - 3 potions of haste
 p - a potion of brilliance
 r - 3 potions of attraction
 t - 5 potions of curing
 A - a potion of berserk rage {unknown}


   Skills:
 + Level 11.5(16.5) Fighting
 + Level 9.7(14.7) Crossbows
 - Level 2.0(7.0) Armour
 - Level 1.7(6.7) Dodging
 - Level 1.2(6.2) Stealth
 + Level 11.0(16.0) Shields
 + Level 9.0 Invocations


You had 10 spell levels left.
You didn't know any spells.
Your spell library contained the following spells:

 Spells                   Type           Power      Damage    Failure   Level
 Freeze                   Ice            0%         1d3       91%         1
 Ensorcelled Hibernation  Hex/Ice        0%         N/A       97%         2
 Passwall                 Tmut/Erth      0%         N/A       97%         2
 Frozen Ramparts          Ice            0%         1d2       100%        3
 Spider Form              Tmut/Pois      0%         N/A       100%        3
 Anguish                  Hex/Necr       0%         N/A       100%        4
 Hailstorm                Conj/Ice       0%         3d3       100%        4
 Olgreb's Toxic Radiance  Pois           0%         N/A       100%        4
 Freezing Cloud           Conj/Ice/Air   0%         6-21      100%        5
 Ozocubu's Refrigeration  Ice            0%         4d5       100%        7
 Ignition                 Fire           0%         3d3       100%        8
 Polar Vortex             Ice            0%         N/A       100%        9
 Swiftness                Air            Unusable   N/A       N/A         3
 Simulacrum               Ice/Necr       Unusable   N/A       N/A         6

Dungeon Overview and Level Annotations

Branches:
Dungeon (9/15)             Temple (0/1) D:5
   Lair: D:8-11         Orc: D:9-12

Altars:
Okawaru

Annotations:
D:4 1 runed translucent door


Innate Abilities, Weirdness & Mutations

You cannot be hasted, slowed, berserked, paralysed or teleported.
You can dig through walls and to a lower floor.
You have a pair of large antennae on your head. (SInv)
Your four strong arms can wield two-handed weapons with a shield.


Message History

Aim: a gnoll sergeant, wielding a +0 spear, wearing a +0 ring mail and wearing a +0 kite shield (84% to hit)
You shoot a bolt.
The bolt barely misses the gnoll sergeant.
Shoot: a) +1 hand crossbow
Press: ? - help, Q - select action, (/) - cycle Shift-Dir - straight line, f/p - gnoll sergeant
Aim: a gnoll sergeant, wielding a +0 spear, wearing a +0 ring mail and wearing a +0 kite shield (84% to hit)
You shoot a bolt. The bolt hits the gnoll sergeant!
The gnoll sergeant is heavily wounded.
You feel sick.
You are no longer poisoned.
You block the gnoll sergeant's attack.
Shoot: a) +1 hand crossbow
Press: ? - help, Q - select action, (/) - cycle Shift-Dir - straight line, f/p - gnoll sergeant
Aim: a gnoll sergeant, wielding a +0 spear, wearing a +0 ring mail and wearing a +0 kite shield (heavily wounded, 84% to hit)
You shoot a bolt. The bolt hits the ogre!
The ogre is heavily wounded.
The gnoll sergeant hits you but does no damage.
The ogre hits you with a +0 giant spiked club!
* * * LOW HITPOINT WARNING * * *
Unknown command.
Shoot: a) +1 hand crossbow
Press: ? - help, Q - select action, (/) - cycle Shift-Dir - straight line, f/p - gnoll sergeant
Aim: a gnoll sergeant, wielding a +0 spear, wearing a +0 ring mail and wearing a +0 kite shield (heavily wounded, 84% to hit)
You shoot a bolt. The bolt hits the ogre!
The ogre is severely wounded.
Shoot: a) +1 hand crossbow
Press: ? - help, Q - select action, (/) - cycle Shift-Dir - straight line, f/p - gnoll sergeant
Aim: a gnoll sergeant, wielding a +0 spear, wearing a +0 ring mail and wearing a +0 kite shield (heavily wounded, 84% to hit)
You shoot a bolt. The bolt hits the ogre.
The ogre is almost dead.
The gnoll sergeant hits you from afar with a +0 spear.
* * * LOW HITPOINT WARNING * * *
Shoot: a) +1 hand crossbow
Press: ? - help, Q - select action, (/) - cycle Shift-Dir - straight line, f/p - gnoll sergeant
Aim: a gnoll sergeant, wielding a +0 spear, wearing a +0 ring mail and wearing a +0 kite shield (heavily wounded, 84% to hit)
You shoot a bolt. The bolt hits the ogre!!
You kill the ogre!
Okawaru accepts your kill.
The gnoll sergeant hits you from afar with a +0 spear!
You die...

############# ##...........##
##.............##
##...............##
#.................## #
...........###.....## #
.........).# #....†.## #
......)@)..###....<..###
#......†).............#.
#....)..g)...[..........
#...###....###..........[.....
##.[........#
##...............
##...........#
#..............#
#............##
##........###...#
..............###.....)).#
##..#
................)........#
#...


You could see a gnoll sergeant.

Vanquished Creatures
  A two-headed ogre (D:8)
  Pikel (D:5)
  The ghost of samgaumpmail the Ruffian, a novice TrEE (D:5)
  A troll (D:8)
  2 hornets
  The ghost of Dordric the Insei, an amateur OpTm (D:4)
  Sigmund (D:4)
  3 wyverns
  Eustachio (D:4)
  5 yaks (D:8)
  A steam dragon (D:8)
  Menkaure (D:4)
  3 water moccasins
  Duvessa (D:5)
  2 black bears
  2 sky beasts
  An ice beast (D:7)
  2 centaurs
  3 ogres
  A lemure (D:5)
  A phantom (D:5)
  A kobold brigand (D:8)
  A necrophage (D:6)
  3 bullfrogs
  4 gnoll sergeants
  2 scorpions (D:6)
  8 wights
  Dowan (D:5)
  9 killer bees (D:8)
  3 howler monkeys
  3 hounds
  2 jellies
  4 orc priests
  A gnoll shaman (D:5)
  2 iguanas
  Natasha (thrice) (D:4)
  An orc wizard (D:7)
  10 gnolls
  9 adders
  A worm (D:4)
  4 dart slugs
  17 orcs
  3 bats
  2 endoplasms (D:2)
  4 giant cockroaches
  7 goblins
  10 hobgoblins
  4 quokkas
  12 ball pythons
  4 frilled lizards
  14 kobolds
  7 rats
191 creatures vanquished.

Vanquished Creatures (others)
  A gnoll sergeant (D:5)
  3 gnolls (D:5)
  13 fungi (D:5)
  6 plants (D:5)
23 creatures vanquished.

Grand Total: 214 creatures vanquished

Notes
Turn   | Place    | Note
-------+----------+-------------------------------------------
     0 | D:1      | testman the Formicid Hunter began the quest for the Orb.
     0 | D:1      | Reached XP level 1. HP: 16/16 MP: 1/1
   108 | D:1      | Reached XP level 2. HP: 23/23 MP: 2/2
   380 | D:1      | Reached XP level 3. HP: 28/28 MP: 3/3
   803 | D:2      | Reached skill level 1 in Shields
   856 | D:2      | Identified the +0 plate armour of Green Curiosity {-Tele
                  | Drain rC+++ Will+++}
   856 | D:2      | You fall into a shaft and drop 2 floors!
   978 | D:4      | Noticed Sigmund
   992 | D:4      | Noticed an ogre
   997 | D:4      | Killed an ogre
   998 | D:4      | Reached XP level 4. HP: 37/37 MP: 4/4
   998 | D:4      | Reached XP level 5. HP: 42/42 MP: 5/5
  1003 | D:4      | Reached skill level 5 in Crossbows
  1038 | D:4      | Found a runed translucent door.
  1043 | D:4      | Noticed Dordric's ghost (amateur OpTm)
  1081 | D:4      | Noticed Menkaure
  1088 | D:4      | Killed Menkaure
  1089 | D:4      | Reached XP level 6. HP: 49/49 MP: 6/6
  1176 | D:4      | Noticed Natasha
  1181 | D:4      | Killed Natasha
  1334 | D:2      | Identified the +7 chain mail "Qogametu" {+Inv Str+4}
  1598 | D:2      | Found a faded altar of an unknown god.
  1989 | D:3      | Reached XP level 7. HP: 45/45 MP: 7/7
  2187 | D:3      | Found an iron altar of Okawaru.
  2192 | D:3      | Became a worshipper of Warmaster Okawaru
  2586 | D:3      | Identified the ring of Tashrel {Will- Str+6 Dex+8}
  2737 | D:4      | Reached skill level 1 in Armour
  2834 | D:4      | Reached skill level 5 in Fighting
  2983 | D:4      | Found a runed translucent door.
  3182 | D:4      | Killed Sigmund
  3182 | D:4      | Reached * piety under Okawaru
  3183 | D:4      | Reached skill level 5 in Shields
  3183 | D:4      | Reached skill level 1 in Invocations
  3316 | D:4      | Noticed Eustachio
  3322 | D:4      | Noticed Natasha
  3334 | D:4      | Killed Eustachio
  3335 | D:4      | Reached XP level 8. HP: 36/63 MP: 7/9
  3341 | D:4      | Killed Natasha
  3566 | D:4      | Noticed Natasha
  3569 | D:4      | Killed Natasha
  3588 | D:4      | Killed Dordric's ghost
  3634 | D:5      | Entered Level 5 of the Dungeon
  3647 | D:5      | Reached ** piety under Okawaru
  3700 | D:5      | Found a staircase to the Ecumenical Temple.
  3752 | D:5      | Found a transporter.
  3769 | D:5      | Identified the +1 buckler of the Cuttlefish {Rampage}
  3838 | D:5      | Found a transporter.
  3874 | D:5      | Noticed Dowan
  3875 | D:5      | Noticed Duvessa
  3892 | D:5      | Killed Duvessa
  3895 | D:5      | Killed Dowan
  4056 | D:5      | Noticed Pikel
  4083 | D:5      | Killed Pikel
  4084 | D:5      | Reached XP level 9. HP: 33/71 MP: 8/12
  4316 | D:5      | Reached skill level 5 in Invocations
  4640 | D:5      | Noticed samgaumpmail's ghost (novice TrEE)
  4682 | D:5      | Killed samgaumpmail's ghost
  4682 | D:5      | Reached *** piety under Okawaru
  5084 | D:6      | Reached XP level 10. HP: 80/80 MP: 14/14
  5494 | D:6      | Reached **** piety under Okawaru
  7180 | D:8      | Reached ***** piety under Okawaru
  7573 | D:9      | Received a gift from Okawaru
  7574 | D:9      | Reached skill level 10 in Fighting
  7610 | D:9      | Noticed a two-headed ogre
  7625 | D:8      | Reached skill level 10 in Shields
  7777 | D:8      | Killed a two-headed ogre
  7778 | D:8      | Reached XP level 11. HP: 10/92 MP: 9/17
  8885 | D:8      | Received a gift from Okawaru
  9096 | D:9      | Slain by a gnoll sergeant

Illustrated notes

Levels and vault maps discovered:
D:1:      lemuel_arrival_lava_pool, layout_loops_ring
D:2:      layout_loops_ring, hellmonk_ecumenical_altar_crossroads
D:3:      layout_basic, okawaru_metal_pillars_1_2, nrook_campfire
D:4:      layout_basic, ebering_ghost_sewer_f, kennysheep_boxes, uniq_menkaure,
          uniq_natasha, uniq_sigmund, uniq_eustachio
D:5:      layout_loops_ring, minmay_temple_entry_steel_oval,
          gammafunk_ghost_gnarly_gnolls, minivault_26,
          dreamdust_mushroom_princess, minmay_misc_feat_five,
          kennysheep_nondescript, uniq_duvessa, uniq_pikel
D:6:      layout_basic
D:7:      layout_loops_ring, grunt_decor_junction
D:8:      layout_gridville, minmay_statues_item
D:9:      layout_big_octagon, lemuel_tele_altar,
          kennysheep_orc_monster_closet_entryway, hangedman_decor_slide_cut,
          dreamdust_wishing_well

Skill      XL: |  1  2  3  4  5  6  7  8  9 10 11 |
---------------+----------------------------------+-----
Fighting       | 3 4 5 6 7 10 11 | 11.5
Shields        | 2 3 4 5 7 8 10 11 | 11.0
Crossbows      | 5 6 7 8 9 |  9.7
Armour         | 2 |  2.0
Invocations    | 2 4 6 8 9 |  9.0
Dodging        | |  1.7
Stealth        | |  1.2

Action                   |  1- 3 |  4- 6 |  7- 9 | 10-12 || total
-------------------------+-------+-------+-------+-------++-------
 Fire: Hand crossbow     |    72 |   103 |   254 |   350 ||   779
Invok: Heroism           |       |       |     4 |     5 ||     9
       Finesse           |       |       |       |     2 ||     2
  Use: Potion            |       |       |     5 |     1 ||     6
       Scroll            |       |       |     5 |     2 ||     7
Armor: Leather armour    |     3 |     2 |       |       ||     5
       Chain mail        |       |    11 |    91 |   150 ||   252
       Plate armour      |       |     9 |       |       ||     9
Dodge: Dodged            |    12 |    12 |    89 |   161 ||   274
Block: Kite shield       |     5 |    30 |   167 |       ||   202
       Buckler           |       |       |     4 |   190 ||   194

Table legend: (Time is in decaauts)
 A = Elapsed time spent in this place.
 B = Non-inter-level travel time spent in this place.
 C = Inter-level travel time spent in this place.
 D = Time resting spent in this place.
 E = Time spent auto-exploring this place.
 F = Levels seen in this place.
 G = Mean time per level.
                   A        B        C        D        E       F      G
               +--------+--------+--------+--------+--------+-----+--------+
         Total |   9426 |   9094 |    332 |   1015 |   6151 |   9 | 1047.3 |
       Dungeon |   9426 |   9094 |    332 |   1015 |   6151 |   9 | 1047.3 |
               +--------+--------+--------+--------+--------+-----+--------+

Top non-repeatable levels by time:
     D:8: 1965 daAuts
     D:5: 1459 daAuts
     D:4: 1311 daAuts
     D:6: 901 daAuts
     D:3: 882 daAuts
     D:2: 815 daAuts
     D:7: 791 daAuts
     D:1: 777 daAuts
     D:9: 521 daAuts
